 Dungeon Crawl Stone Soup version 0.27.0-1-g7a089689b8 (webtiles) character file.

Game seed: 17102517192391208267

60 Acheron the Stinger (level 4, -3/24 HPs)
             Began as a Gargoyle Venom Mage on Aug 1, 2021.
             Slain by a scorpion (7 damage)
             ... on level 3 of the Dungeon.
             The game lasted 00:14:46 (2691 turns).

Acheron the Stinger (Gargoyle Venom Mage)           Turns: 2691, Time: 00:14:46

Health: -3/24      AC:  7    Str: 11    XL:     4   Next: 4%
Magic:  6/8        EV: 11    Int: 17    God:
Gold:   110        SH:  0    Dex: 10    Spells: 4/8 levels left

rFire    + . .     SeeInvis .   j - +0 dagger
rCold    . . .     Faith    .   (no shield)
rNeg     + . .     Spirit   .   m - +0 leather armour {rF+}
rPois    ∞         Reflect  .   d - +0 helmet
rElec    +         Harm     .   (no cloak)
rCorr    .         Rampage  .   (no gloves)
Will     .....                  (no boots)
Stlth    ++........             i - amulet of the acrobat
HPRegen  0.08/turn              (no ring)
MPRegen  0.11/turn              (no ring)

@: no status effects
A: sickness immunity, AC +3, negative energy resistance 1, electricity
resistance, torment resistance 1, petrification resistance
a: no special abilities


You were on level 3 of the Dungeon.
You visited 1 branch of the dungeon, and saw 3 of its levels.

You collected 110 gold pieces.

Inventory:

Hand Weapons
 j - a +0 dagger (weapon)
Missiles
 b - 4 stones
 h - 2 atropa-tipped darts
 o - 5 curare-tipped darts
Armour
 a - a +0 robe
 d - a +0 helmet (worn)
 m - a +0 leather armour of fire resistance (worn)
 n - a +0 buckler
Jewellery
 i - an amulet of the acrobat (around neck)
Scrolls
 e - 2 scrolls of identify {unknown}
 g - a scroll of enchant armour {unknown}
 l - a scroll of enchant weapon {unknown}
Potions
 c - 3 potions of curing {unknown}
 f - a potion of brilliance {unknown}
 k - a potion of cancellation {unknown}


   Skills:
 * Level 0.8 Fighting
 * Level 0.4 Short Blades
 + Level 0.2 Armour
 * Level 1.8 Dodging
 * Level 2.6 Stealth
 + Level 0.1 Unarmed Combat
 * Level 2.7 Spellcasting
 * Level 1.2 Transmutations
 + Level 3.3 Poison Magic


You had 4 spell levels left.
You knew the following spells:

 Your Spells              Type           Power      Damage    Failure   Level
a - Sting                 Tmut/Pois      40%        1d5       10%         1
b - Confusing Touch       Hex            2%         N/A       56%         3

Your spell library contained the following spells:

 Spells                   Type           Power      Damage    Failure   Level
 Poisonous Vapours        Pois/Air       16%        N/A       19%         2
 Slow                     Hex            2%         N/A       34%         2
 Mephitic Cloud           Conj/Pois/Air  6%         N/A       41%         3
 Olgreb's Toxic Radiance  Pois           13%        N/A       52%         4
 Yara's Violent Unravell  Hex/Tmut       2%         3d3       99%         5


Dungeon Overview and Level Annotations

Branches:
Dungeon (3/15)

Altars:
Kikubaaqudgha


Innate Abilities, Weirdness & Mutations

You are immune to sickness and miasma.
Your stone body is resilient. (AC +3)
You are immune to poison.
You resist negative energy. (rN+)
You are resistant to electric shocks. (rElec)
You are resistant to unholy torment.
You are immune to petrification.


Message History

You hit the ball python.
You kill the ball python!
The scorpion closely misses you.
You see here a ball python corpse.
A hobgoblin comes into view.
The scorpion completely misses you.
Found a scroll labelled YSIZOA PAWK.
Found a stone staircase leading down.
The hobgoblin completely misses you. The hobgoblin completely misses you.
The scorpion misses you.
Casting: Sting (safe; 10% risk of failure)
Confirm with . or Enter, or press ? or * to list all spells.
Aiming: Sting (safe; 10% risk of failure)
Press: ? - help, Shift-Dir - straight line, f/p - scorpion
Aim: a scorpion (severely wounded, 71% to hit)
The sting misses the scorpion.
The scorpion barely misses you.
Casting: Sting (safe; 10% risk of failure)
Confirm with . or Enter, or press ? or * to list all spells.
Aiming: Sting (safe; 10% risk of failure)
Press: ? - help, Shift-Dir - straight line, f/p - scorpion
Aim: a scorpion (severely wounded, 71% to hit)
The sting misses the scorpion.
The scorpion closely misses you.
You hit the scorpion but do no damage.
The scorpion is severely wounded.
The scorpion stings you! The scorpion stings you.
Casting: Sting (safe; 10% risk of failure)
Confirm with . or Enter, or press ? or * to list all spells.
Aiming: Sting (safe; 10% risk of failure)
Press: ? - help, Shift-Dir - straight line, f/p - scorpion
Aim: a scorpion (severely wounded, 71% to hit)
The sting misses the scorpion.
The scorpion stings you!
* * * LOW HITPOINT WARNING * * *
Found 7 gold pieces.
A quokka comes into view.
Found a scroll labelled COLAER FOLO.
The scorpion closely misses you.
The orc priest shouts!
The orc misses you. The orc priest closely misses you.
There is a stone staircase leading down here.
The scorpion stings you!
You die...

#. #.######
######..#$..#
....?r......#
######.#...# #g##o## ##
#o##g# .. #.##s# #.
#o##@# #. #o##o###.### #
#. #...o.......
..##.#########...###....
...............###.....
.....:########.###.#.#
...#.#.## #.........#
.....o..# #.###†....#
...#.#..## #.# #o....#


You could see a scorpion, an orc priest, 2 orcs and a hobgoblin.

Vanquished Creatures
  An adder (D:2)
  A dart slug (D:2)
  3 bats
  8 endoplasms
  3 giant cockroaches
  3 goblins
  4 hobgoblins
  3 jackals (D:2)
  5 kobolds (D:1)
  A quokka (D:1)
  5 ball pythons
  3 frilled lizards (D:1)
  2 rats (D:1)
42 creatures vanquished.

Notes
Turn   | Place    | Note
-------+----------+-------------------------------------------
     0 | D:1      | Acheron the Gargoyle Venom Mage began the quest for the
                  | Orb.
     0 | D:1      | Reached XP level 1. HP: 10/10 MP: 3/3
   217 | D:1      | Reached skill level 1 in Transmutations
   238 | D:1      | Reached XP level 2. HP: 6/15 MP: 1/5
   530 | D:2      | Found an ancient bone altar of Kikubaaqudgha.
  1504 | D:1      | Reached XP level 3. HP: 17/19 MP: 3/6
  2281 | D:2      | Learned a level 3 spell: Confusing Touch
  2534 | D:2      | Reached XP level 4. HP: 21/24 MP: 6/8
  2626 | D:2      | Noticed a scorpion
  2691 | D:3      | Slain by a scorpion

Illustrated notes

Levels and vault maps discovered:
D:1:      erik_arrival_orb_chamber, layout_rooms,
          wander_ebering_terrifying_dragon_lair
D:2:      layout_rooms, basic_altar, minmay_fractal_squares_gapless_5
D:3:      layout_loops_ring, chequers_ecumenical_altar_simple_redux,
          ebering_ghost_sewer_f, grunt_ministairs_12, grunt_decor_one_mirror

Skill      XL: |  1 |
---------------+----+-----
Transmutations | 1 |  1.2
Fighting       | |  0.8
Short Blades   | |  0.4
Armour         | |  0.2
Dodging        | |  1.8
Stealth        | |  2.6
Unarmed Combat | |  0.1
Spellcasting   | |  2.7
Poison Magic   | |  3.3

Action                   |  1- 3 |  4- 6 || total
-------------------------+-------+-------++-------
Melee: Unarmed           |     7 |       ||     7
       Dagger            |    92 |     5 ||    97
 Cast: Sting             |    50 |     4 ||    54
 Stab: Sleeping          |     3 |       ||     3
Armor: Robe              |    14 |       ||    14
       Leather armour    |    23 |       ||    23
Dodge: Dodged            |    67 |    17 ||    84
